Map: Cactus Valley LE (Void)

Players

Sargas

  • Race: Protoss Protoss
  • League: Gold
  • Spawn Location: 7:00

Fropez - Winner!

  • Race: Protoss Protoss
  • League: Platinum
  • Spawn Location: 5:00

VOD

Have the link to the VOD?

Description

Time

  • Played on: Feb. 1, 2017, 2:58 p.m.
  • Length: 9:20
Show
View Real Time Build Order
Export as new Build Order

Sargas Protoss 

Build Orders:  

Get SALT Encoding   

  12  0:01  Probe (Chrono Boost)  
  13  0:12  Probe (Chrono Boost)  
  14  0:22  Probe (Chrono Boost), Pylon  
  15  0:41  Probe (Chrono Boost), Gateway  
  16  0:46  Assimilator  
  16  0:51  Probe (Chrono Boost)  
  17  1:02  Probe (Chrono Boost), Pylon  
  18  1:12  Probe (Chrono Boost)  
  19  1:23  Probe (Chrono Boost)  
  20  1:29  Cybernetics Core  
  20  1:34  Probe (Chrono Boost)  
  21  2:05  Stalker  
  21  2:15  Mothership Core (Chrono Boost)  
  25  2:16  Assimilator  
  25  2:28  Warp Gate  
  25  2:35  Probe (Chrono Boost)  
  26  2:42  Pylon, Nexus, Adept  
  29  2:52  Probe (Chrono Boost)  
  29  2:58  Pylon  
  29  3:05  Robotics Facility  
  29  3:16  Probe (Chrono Boost)  
  31  3:28  Probe (Chrono Boost)  
  31  3:44  Stalker  
  33  3:54  Probe (Chrono Boost)  
  32  4:07  Probe (Chrono Boost)  
  33  4:10  Probe (Chrono Boost)  
  30  4:17  Stalker  
  30  4:19  Probe (Chrono Boost)  
  30  4:22  Immortal  
  25  4:43  Probe (Chrono Boost)  
  26  4:46  Probe (Chrono Boost)  
  27  4:55  Probe (Chrono Boost)  
  23  5:22  Stalker  
  26  5:36  Probe (Chrono Boost)  
  26  5:48  Probe (Chrono Boost)  
  27  6:00  Probe (Chrono Boost)  
  27  6:03  Immortal  
  27  6:12  Probe (Chrono Boost)  
  27  6:16  Pylon  
  27  6:19  Stargate, Probe (Chrono Boost)  
  27  6:24  Probe (Chrono Boost)  
  29  6:31  Stalker  
  32  6:41  Probe (Chrono Boost)  
  31  6:53  Probe (Chrono Boost)  
  30  6:58  Stalker  
  26  7:21  Stalker  
  28  7:27  Pylon  
  22  7:33  Oracle  
  22  7:35  Probe (Chrono Boost)  
  25  7:48  Probe (Chrono Boost)  
  26  7:54  Stalker  
  29  8:00  Probe (Chrono Boost)  
  29  8:12  Probe (Chrono Boost)  
  19  8:29  Probe (Chrono Boost)  
  20  8:41  Probe (Chrono Boost)  
  21  8:48  Stalker  
Show
View Real Time Build Order
Export as new Build Order

Fropez Protoss - Winner!

Build Orders: 1 Gate Expand, Mass Adepts 

Get SALT Encoding   

  12  0:02  Probe (Chrono Boost)  
  13  0:13  Probe (Chrono Boost)  
  14  0:20  Pylon  
  14  0:23  Probe (Chrono Boost)  
  15  0:38  Probe (Chrono Boost), Gateway  
  16  0:49  Probe (Chrono Boost)  
  17  0:50  Assimilator  
  17  1:06  Probe (Chrono Boost)  
  18  1:16  Probe (Chrono Boost)  
  19  1:19  Assimilator  
  19  1:31  Probe (Chrono Boost)  
  19  1:32  Gateway  
  20  1:44  Nexus  
  20  1:54  Cybernetics Core  
  20  1:59  Probe (Chrono Boost)  
  21  2:06  Pylon  
  21  2:10  Probe (Chrono Boost)  
  22  2:20  Probe (Chrono Boost)  
  23  2:28  Warp Gate  
  23  2:33  Mothership Core (Chrono Boost)  
  23  2:34  Adept x2  
  29  2:54  Probe (Chrono Boost)  
  30  2:59  Probe (Chrono Boost)  
  30  3:02  Adept x2  
  35  3:09  Probe (Chrono Boost), Pylon  
  36  3:25  Probe x2 (Chrono Boost)  
  38  3:31  Adept x2  
  42  3:34  Pylon  
  42  3:36  Probe (Chrono Boost)  
  42  3:37  Probe (Chrono Boost)  
  42  3:57  Pylon  
  40  4:15  Gateway  
  40  4:23  Pylon  
  39  4:26  Probe (Chrono Boost)  
  39  4:27  Probe (Chrono Boost)  
  39  4:29  Twilight Council  
  41  4:31  Assimilator  
  41  4:33  Adept x2  
  41  4:37  Probe (Chrono Boost)  
  45  4:39  Probe (Chrono Boost)  
  43  4:55  Adept x2  
  47  5:07  Resonating Glaives  
  45  5:16  Adept x3  
  51  5:26  Probe (Chrono Boost), Gateway  
  51  5:27  Probe (Chrono Boost)  
  53  5:29  Gateway  
  53  5:32  Forge  
  49  5:51  Adept x2  
  49  5:52  Adept  
  49  5:53  Probe (Chrono Boost)  
  49  5:54  Probe (Chrono Boost)  
  47  6:16  Assimilator  
  47  6:23  Robotics Facility  
  47  6:25  Stalker x3  
  49  6:26  Robotics Facility  
  49  6:30  Pylon  
  54  6:33  Mothership Core (Chrono Boost)  
  54  6:35  Probe (Chrono Boost)  
  54  6:36  Protoss Ground Weapons Level 1  
  56  6:43  Nexus  
  56  6:44  Stalker  
  54  6:56  Stalker x4  
  48  7:25  Stalker x2  
  48  7:26  Stalker x2  
  48  7:28  Stalker  
  50  7:42  Immortal  
  54  7:50  Adept  
  54  7:51  Adept x3  
  62  7:55  Probe (Chrono Boost)  
  62  7:56  Probe x2 (Chrono Boost)  
  65  8:02  Immortal  
  69  8:17  Stalker x3  
  75  8:21  Stalker  
  77  8:57  Probe x2 (Chrono Boost)  
  77  8:58  Probe (Chrono Boost)  
  80  9:06  Assimilator  
  80  9:10  Assimilator  
  80  9:13  Pylon  
Tags
 
Add a new tag
Caveats
  • Supply blocks, unpowered buildings, or Contaminate may cause inaccurate times.
  • Supply counts are checked every 10 seconds.